 Dungeon Crawl Stone Soup version 0.29.1-2-gbd0b4ee654 (webtiles) character file.

Game seed: 8464438908403147011

406 tkbsonic5 the Trooper (level 6, -1/52 HPs)
             Began as a Palentonga Abyssal Knight on Nov 27, 2022.
             Was an Elder of Lugonu.
             Slain by a gnoll
             ... wielding a +0 halberd
              (4 damage)
             ... on level 3 of the Dungeon.
             The game lasted 00:11:03 (3278 turns).

tkbsonic5 the Trooper (Palentonga Abyssal Knight)   Turns: 3278, Time: 00:11:04

Health: -1/52      AC:  9    Str: 20    XL:     6   Next: 56%
Magic:  6/7        EV:  5    Int: 11    God:    Lugonu [****..]
Gold:   292        SH:  0    Dex: 10    Spells: 5/5 levels left

rFire   . . .      SeeInvis +   h - +1 short sword (freeze)
rCold   . . .      Faith    .   (no shield)
rNeg    . . .      Spirit   .   n - +0 chain mail
rPois   .          Reflect  .   m - +1 hat
rElec   +          Harm     .   g - +0 cloak
rCorr   .          Rampage  .   (no gloves)
Will    .....                   (no barding)
Stlth   ..........              (no amulet)
HPRegen 0.17/turn               (no ring)
MPRegen 0.10/turn               (no ring)

@: attractive, hasted, very quick
A: large, rugged brown scales 3, see invisible, deformed body, roll 1, armoured
tail, low MP 1, electricity resistance
a: Rolling Charge, Renounce Religion, Depart the Abyss, Bend Space, Banish,
Corrupt


You were on level 3 of the Dungeon.
You worshipped Lugonu.
Lugonu was greatly pleased with you.
You visited 1 branch of the dungeon, and saw 3 of its levels.
You visited the Abyss 1 time.

You collected 292 gold pieces.

Inventory:

Hand Weapons
 a - a +1 falchion
 e - a +0 halberd
 h - a +1 short sword of freezing (weapon)
 j - a +0 sling
 k - a +0 dagger
Missiles
 o - 2 curare-tipped darts
 r - 2 poisoned darts (quivered)
Armour
 b - a +0 leather armour
 g - a +0 cloak (worn)
 i - a +0 ring mail
 m - a +1 hat (worn)
 n - a +0 chain mail (worn)
Scrolls
 f - 2 scrolls of enchant weapon {unknown}
 q - a scroll of vulnerability {unknown}
Potions
 l - 2 potions of flight


   Skills:
 * Level 4.5 Fighting
 + Level 2.7(3.2) Short Blades
 - Level 2.7(3.2) Long Blades
 * Level 0.2 Polearms
 + Level 1.2 Ranged Weapons
 + Level 0.2 Throwing
 + Level 2.3 Armour
 + Level 1.8 Dodging
 * Level 3.3 Invocations


You had 5 spell levels left.
You didn't know any spells.
Your spell library contained the following spells:

 Spells                   Type           Power      Damage    Failure   Level
 Beastly Appendage        Tmut           0%         N/A       98%         1
 Freeze                   Ice            0%         1d3       98%         1
 Wereblood                Tmut           0%         N/A       99%         2
 Frozen Ramparts          Ice            0%         1d1       100%        3
 Spider Form              Tmut/Pois      0%         N/A       100%        3
 Hailstorm                Conj/Ice       0%         3d3       100%        4


Dungeon Overview and Level Annotations

Branches:
Dungeon (3/15)

Altars:

Annotations:
Abyss:1 Grinder


Innate Abilities, Weirdness & Mutations

You are completely covered in rugged brown scales. (AC +3, +7% HP)
You have supernaturally acute eyesight. (SInv)
Armour fits poorly on your strangely shaped body.
You can roll at nearby foes to attack.
You have a long armoured tail.
Your magical capacity is low. (-10% MP)
You are resistant to electric shocks. (rElec)


Message History

You feel sick. The kobold hits you with a +0 dagger.
The dart slug briefly extends its eye-stalks.
You feel sick.
The kobold throws a poisoned dart.
The poisoned dart hits you!
You are more poisoned.
The kobold is attracted toward you. The gnoll is attracted toward you.
Something is attracted toward you.
You hit the kobold. You freeze the kobold.
You kill the kobold!
Lugonu accepts your kill.
You feel sick. The gnoll hits you but does no damage.
The gnoll is attracted toward you. The orc is attracted toward you.
It was a potion of haste.
You feel yourself speed up.
You feel very sick. The gnoll barely misses you.
As you read the scroll labelled HOPLOB ALLANI, it crumbles to dust.
The scroll dissolves into smoke.
It was a scroll of fog.
You feel sick. The gnoll hits you with a +0 halberd.
* * * LOW HITPOINT WARNING * * *
Space bends violently around you!
You blink.
* * * LOW HITPOINT WARNING * * *
You feel sick.
* * * LOW HITPOINT WARNING * * *
You feel sick.
The orc jeers repeatedly.
It was a potion of curing.
You feel better. The gnoll is attracted toward you.
It was a potion of mutation.
You feel extremely strange.
You feel insulated.
You feel less energetic. The gnoll hits you with a +0 halberd.
* * * LOW HITPOINT WARNING * * *
Space bends violently around you!
You blink.
The gnoll is attracted toward you. The gnoll is attracted toward you.
Press: ? - help, Shift-Dir - straight line, f - gnoll
Aim: a gnoll, wielding a +0 halberd (chance to affect: 86%)
You fail to use your ability.
The gnoll barely misses you. The orc is attracted toward you.
Press: ? - help, Shift-Dir - straight line, f/p - gnoll
Aim: a gnoll, wielding a +0 halberd (chance to affect: 86%)
You fail to use your ability.
The gnoll hits you with a +0 halberd.
You die...

#.### ####.#........# #...#
##............
###.#####...####...#..
#.....#..######.#### #####...##
#......# #...# #......#
#########...# #......##
#.§§...##...# #......##
#§§§§.g@))).# #......#.
###§§§o§.....## #######..
##§§g§§...##...# #...
#§o###§...###..# ##..#
#§##?##.### #..# ##...#
####w#$..#.# #..# ##...##
##..§g##.##.## #..### #...##
#..#§###'#....###†.÷.# #..####
#)##§§##.#####....##.####..##..


You could see a gnoll and an orc.

Vanquished Creatures
  A hound (D:3)
  2 orc wizards (D:3)
  2 adders
  2 gnolls (D:3)
  2 worms
  3 orcs (D:3)
  10 ball pythons
  7 endoplasms
  9 giant cockroaches (D:3)
  6 hobgoblins
  4 jackals (D:2)
  4 quokkas
  4 bats (D:1)
  8 frilled lizards
  5 goblins
  5 kobolds
  8 rats
82 creatures vanquished.

Notes
Turn   | Place    | Note
-------+----------+-------------------------------------------
     0 | Abyss:1  | tkbsonic5 the Palentonga Abyssal Knight began the quest for
                  | the Orb.
     0 | Abyss:1  | Reached XP level 1. HP: 19/19 MP: 2/2
     5 | D:1      | Escaped the Abyss
   288 | D:1      | Reached XP level 2. HP: 25/25 MP: 3/3
   292 | D:1      | Reached skill level 1 in Dodging
   525 | D:1      | Reached *** piety under Lugonu
   783 | D:2      | Reached XP level 3. HP: 28/31 MP: 4/4
  1444 | D:2      | Found a faded altar of an unknown god.
  2268 | D:3      | Reached skill level 1 in Short Blades
  2290 | D:3      | Reached XP level 4. HP: 15/38 MP: 5/5
  2655 | D:3      | Noticed Grinder
  2657 | D:3      | Banished Grinder
  2658 | D:3      | Reached skill level 4 in Fighting
  2658 | D:3      | Reached skill level 1 in Ranged Weapons
  2658 | D:3      | Reached XP level 5. HP: 36/46 MP: 1/7
  2658 | D:3      | Reached XP level 6. HP: 41/52 MP: 1/8
  3220 | D:3      | Reached **** piety under Lugonu
  3272 | D:3      | Gained mutation: You are resistant to electric shocks.
                  | (rElec) [potion of mutation]
  3272 | D:3      | Gained mutation: Your magical capacity is low. (-10% MP)
                  | [potion of mutation]
  3278 | D:3      | Slain by a gnoll

Illustrated notes

Levels and vault maps discovered:
D:1:      heliophobic_arrival_ceremonial_halls, layout_rooms,
          serial_park_tiny_pond, st_stairs_2, minivault_27, minmay_tromino_v2
D:2:      layout_basic, basic_ecumenical_altar, minmay_misc_feat_roman,
          minmay_misc_feat_columns
D:3:      minmay_roachtagon, layout_rooms, minmay_joined_circles, uniq_grinder

Skill      XL: |  1  2  3  4 |
---------------+-------------+-----
Dodging        | 1 |  1.8
Short Blades   | 1 2 |  2.7
Fighting       | 4 |  4.5
Ranged Weapons | 1 |  1.2
Armour         | 2 |  2.3
Invocations    | 3 |  3.3
Long Blades    | |  2.7
Polearms       | |  0.2
Throwing       | |  0.2

Action                   |  1- 3 |  4- 6 || total
-------------------------+-------+-------++-------
Melee: Falchion          |    93 |       ||    93
       Tailslap          |    12 |     8 ||    20
       Punch             |     1 |       ||     1
       Short sword       |    85 |    83 ||   168
       Halberd           |       |    25 ||    25
Throw: Dart              |       |     9 ||     9
Invok: Banish            |       |     1 ||     1
       Bend Space        |       |     2 ||     2
 Abil: Rolling Charge    |     1 |       ||     1
  Use: Scroll            |     1 |     2 ||     3
       Potion            |     1 |     5 ||     6
Armor: Leather armour    |    52 |       ||    52
       Ring mail         |    25 |       ||    25
       Chain mail        |     8 |    88 ||    96
       Skin              |     7 |       ||     7
Dodge: Dodged            |    83 |    33 ||   116
